 Dungeon Crawl Stone Soup version 0.30-a0-174-gbc10bd73c2 (webtiles) character file.

Game seed: 15721966337485150197

35 qw the Chopper (level 3, 0/23 HPs)
             Began as a Gargoyle Fighter on Oct 1, 2022.
             Slain by a quokka (2 damage)
             ... on level 2 of the Dungeon.
             The game lasted 00:00:21 (946 turns).

qw the Chopper (Gargoyle Fighter)                    Turns: 946, Time: 00:00:22

Health: 0/23       AC: 14    Str: 21    XL:     3   Next: 35%
Magic:  3/3        EV:  5    Int:  8    God:
Gold:   26         SH:  4    Dex:  9    Spells: 2/2 levels left

rFire   . . .      SeeInvis .    Y - +1 war axe
rCold   . . .      Faith    .    c - +0 buckler
rNeg    + . .      Spirit   .    g - +0 plate armour
rPois   inf        Reflect  .    (no helmet)
rElec   +          Harm     .    (no cloak)
rCorr   .          Rampage  .    (no gloves)
Will    .....                    (no boots)
Stlth   ..........               (no amulet)
HPRegen 0.23/turn                (no ring)
MPRegen 0.08/turn                (no ring)

@: no status effects
A: sickness immunity, AC +3, negative energy resistance 1, electricity
resistance, torment resistance 1, petrification resistance
a: no special abilities


You were on level 2 of the Dungeon.
You visited 1 branch of the dungeon, and saw 2 of its levels.

You collected 26 gold pieces.


Innate Abilities, Weirdness & Mutations

You are immune to sickness and miasma.
Your stone body is resilient. (AC +3)
You are immune to poison.
You resist negative energy. (rN+)
You are resistant to electric shocks. (rElec)
You are resistant to unholy torment.
You are immune to petrification.


   Skills:
 - Level 3.2 Fighting
 + Level 3.3 Axes
 - Level 3.2 Armour
 - Level 3.2 Shields


You had 2 spell levels left.
You didn't know any spells.
Your spell library was empty.

Inventory:

Hand Weapons
 k - a +0 mace
 Y - a +1 war axe (weapon)
Armour
 c - a +0 buckler (worn)
 g - a +0 plate armour (worn)
Scrolls
 h - a scroll of identify
Potions
 d - a potion of might
 f - a potion of lignification
 i - a potion of attraction {unknown}

Dungeon Overview and Level Annotations

Branches:
Dungeon (2/15)

Altars:


Message History

936 ||| Stepping ~*~*~tactically~*~*~ (hiding).
A gnoll comes into view. It is wielding a +0 whip.
A goblin and a quokka come into view.
The gnoll hits you but does no damage. The gnoll barely misses you.
The gnoll hits you but does no damage.
You closely miss the gnoll. You slash the gnoll!
You hit the gnoll but do no damage.
You block the gnoll's attack. x2; The gnoll hits you but does no damage.
You slash the gnoll!
You kill the gnoll!
You hit the gnoll. You hit the gnoll but do no damage.
You block the gnoll's attack. The gnoll hits you with a +0 halberd!
You hit the gnoll.
The gnoll is heavily wounded.
You hit the gnoll. The gnoll barely misses you.
The gnoll hits you with a +0 halberd! The gnoll hits you but does no damage.
You hit the gnoll.
The gnoll is almost dead.
You barely miss the gnoll. You barely miss the quokka.
The quokka bites you but does no damage.
A frilled lizard comes into view.
The gnoll hits you but does no damage.
The gnoll hits you from afar with a +0 halberd.
You completely miss the gnoll.
The gnoll is almost dead.
The frilled lizard hisses angrily.
You slash the gnoll! You barely miss the quokka. You block the quokka's attack.
The gnoll hits you but does no damage. x2
The gnoll hits you with a +0 whip.
The quokka bites you but does no damage.
You hit the gnoll.
You kill the gnoll!
You barely miss the gnoll. You miss the quokka.
You block the gnoll's attack. x2
The quokka bites you but does no damage.
The frilled lizard bites you but does no damage.
The goblin hits you but does no damage.
The gnoll hits you but does no damage. x2
The quokka bites you.
You die...

...............
...............
...............
...............
...............
.......[g...77.
......ggr......
###@.......
#.l........
#.#<..##...
#.##### . ..
##. #. #. ..


You could see 2 gnolls, a quokka, a goblin and a frilled lizard.

Vanquished Creatures
  2 gnolls (D:2)
  2 ball pythons (D:1)
  A bat (D:1)
  3 endoplasms (D:1)
  A giant cockroach (D:1)
  3 goblins (D:1)
  3 hobgoblins (D:1)
  2 jackals (D:1)
  2 frilled lizards (D:1)
  A kobold (D:1)
  5 rats (D:1)
25 creatures vanquished.

Notes
Turn   | Place    | Note
-------+----------+-------------------------------------------
     0 | D:1      | qw the Gargoyle Fighter began the quest for the Orb.
     0 | D:1      | Reached XP level 1. HP: 14/14 MP: 1/1
     0 | D:1      | 0 ||| qw: Version: 0.2-a-13-gfc7b4b4
     0 | D:1      | 0 ||| qw: Game counter: 1837
     0 | D:1      | 0 ||| qw: Always use a shield: true
     0 | D:1      | 0 ||| qw: God list: Okawaru
     0 | D:1      | 0 ||| qw: Allow faded altars: false
     0 | D:1      | 0 ||| qw: Do Orc after D:15 true
     0 | D:1      | 0 ||| qw: Do second Lair branch before Depths: true
     0 | D:1      | 0 ||| qw: Lair rune preference: random
     0 | D:1      | 0 ||| qw: Plans: Normal, Zot:1-4, God:TSO, Crypt, Tomb,
                  | Pan, Slime:5, Hells, Abyss, Orb
     0 | D:1      | 0 ||| PLANNING D:1-11
   250 | D:1      | Reached XP level 2. HP: 12/19 MP: 2/2
   463 | D:1      | Found a faded altar of an unknown god.
   572 | D:1      | 572 ||| Stepping ~*~*~tactically~*~*~ (stealth).
   579 | D:1      | Reached skill level 3 in Axes
   639 | D:1      | 639 ||| DROPPING +0 club.
   797 | D:1      | Reached XP level 3. HP: 23/23 MP: 3/3
   891 | D:1      | 891 ||| UPGRADING to +0 plate armour.
   901 | D:1      | 901 ||| DROPPING +0 scale mail.
   902 | D:1      | 902 ||| READING 2 scrolls labelled NUBLOGH CIPEOR.
   903 | D:1      | 903 ||| READING 2 scrolls labelled YLAIRO KOGUJIC.
   904 | D:1      | 904 ||| READING scroll labelled ESOZUE ECUIFA.
   905 | D:1      | 905 ||| DRINKING 2 glowing amethyst potions.
   922 | D:1      | 922 ||| DROPPING scroll of butterflies.
   936 | D:2      | 936 ||| Stepping ~*~*~tactically~*~*~ (hiding).
   944 | D:2      | HP: 5/23 [gnoll/+0 halberd (2)]
   945 | D:2      | HP: 2/23 [gnoll/+0 whip (3)]
   946 | D:2      | Slain by a quokka

Levels and vault maps discovered:
D:1:      minmay_arrival_split_and_join, layout_loops_ring,
          hellmonk_ecumenical_altar_arch_garden
D:2:      layout_basic, chequers_garden, grunt_ministairs_8, uniq_sigmund

Skill      XL: |  1  2 |
---------------+-------+-----
Axes           | 2 3 |  3.3
Fighting       | |  3.2
Armour         | |  3.2
Shields        | |  3.2

Action                   || total
-------------------------++-------
Melee: War axe           ||    60
  Use: Scroll            ||     3
       Potion            ||     1
Armor: Scale mail        ||    32
       Plate armour      ||    14
Dodge: Dodged            ||    15
Block: Buckler           ||    14

Table legend:
 A = Non-vault XP
 B = Vault XP
 C = Vault XP percentage of total XP
 D = Non-vault monster count
 E = Vault monster count
 F = Vault count percentage of total count
                 A         B        C        D         E       F
            +---------+---------+-------+---------+---------+-------
      Total |      65 |       0 |   0.0 |      25 |       0 |   0.0
            +---------+---------+-------+---------+---------+-------
        D:1 |      37 |       0 |   0.0 |      23 |       0 |   0.0
        D:2 |      28 |       0 |   0.0 |       2 |       0 |   0.0
            +---------+---------+-------+---------+---------+-------
